[ AOE2 MATCH · #507336845 ]
UnrankedMalians vs Wei
Player's team · WIN
Rival team · LOSS
[ REPLAY ANALYSIS · EXTRACTED FROM THE RECORDED GAME ]
Feudal
—
Castle
—
Imperial
—
| APM avg | 76.4 |
| APM peak | 130 |
| eAPM avg | 24.5 |
| Villagers / military | 27 / 3 |
Focus
⚔️ 11.3% · 🌾 88.7%
Militia ×3
Feudal
9:11
Castle
—
Imperial
—
| APM avg | 53.0 |
| APM peak | 82 |
| eAPM avg | 21.4 |
| Villagers / military | 28 / 7 |
Focus
⚔️ 41.1% · 🌾 58.9%
Scout Cavalry ×5 · Militia ×2
Match map
Initial resources + every placement click. Lines = walls · curves = elevation contours. ◆ gold · ⬟ stone · ● berries · ✦ relic · ◌ wall gap
Your base· ✓ Closed at 12:00 · 54t walls · no gate
Zenitsu Agatsuma's base· Open — opponent sealed themselves in
Smoothed initial terrain · ◌ = detected wall gap · hover for details
Inputs per minute
— OaRMäR - - Zenitsu Agatsuma
Build order — OaRMäR
63 actions detected in the replay
| 0:00 | Queue | Villager (Male) |
| 0:01 | Queue | Villager (Male) |
| 0:01 | Queue | Villager (Male) |
| 0:03 | Build | House |
| 0:05 | Build | House |
| 0:19 | Queue | Villager (Male) |
| 1:25 | Queue | Villager (Male) |
| 2:02 | Build | Lumber Camp |
| 2:04 | Queue | Villager (Male) |
| 2:04 | Queue | Villager (Male) |
| 2:17 | Queue | Villager (Male) |
| 2:46 | Queue | Villager (Male) |
| 3:05 | Queue | Villager (Male) |
| 3:38 | Queue | Villager (Male) |
| 3:50 | Build | House |
| 3:59 | Queue | Villager (Male) |
| 3:59 | Queue | Villager (Male) |
| 4:26 | Queue | Villager (Male) |
| 4:34 | Build | Barracks |
| 4:46 | Queue | Villager (Male) |
| 5:09 | Queue | Villager (Male) |
| 5:14 | Build | House |
| 5:40 | Queue | Villager (Male) |
| 5:56 | Queue | Militia |
| 5:57 | Queue | Militia |
| 6:02 | Build | Palisade Wall |
| 6:09 | Build | Palisade Wall |
| 6:11 | Queue | Villager (Male) |
| 6:48 | Queue | Villager (Male) |
| 7:05 | Build | Palisade Wall |
| 7:06 | Queue | Villager (Male) |
| 7:07 | Queue | Militia |
| 7:12 | Build | House |
| 7:24 | Build | Palisade Wall |
| 7:26 | Build | Palisade Wall |
| 7:29 | Research | Loom |
| 7:42 | Queue | Villager (Male) |
| 7:46 | Build | Palisade Wall |
| 7:48 | Build | Palisade Wall |
| 8:13 | Queue | Villager (Male) |
| 8:27 | Build | Mill |
| 8:43 | Queue | Villager (Male) |
| 9:05 | Queue | Villager (Male) |
| 9:10 | Build | Palisade Wall |
| 9:14 | Build | House |
| 9:46 | Build | Farm |
| 9:47 | Build | Farm |
| 10:11 | Build | Mining Camp |
| 10:14 | Queue | Villager (Male) |
| 11:08 | Build | Farm |
| 11:08 | Build | Farm |
| 11:09 | Queue | Villager (Male) |
| 11:17 | Build | Farm |
| 11:30 | Build | Lumber Camp |
| 11:45 | Research | Feudal Age |
| 12:21 | Build | House |
| 12:25 | Build | House |
| 12:36 | Build | Farm |
| 12:37 | Build | Farm |
| 13:06 | Build | Farm |
| 13:07 | Build | Farm |
| 13:11 | Queue | Villager (Male) |
| 13:21 | Build | House |
Build order — Zenitsu Agatsuma
60 actions detected in the replay
| 0:00 | Queue | Villager (Male) |
| 0:00 | Queue | Villager (Male) |
| 0:01 | Queue | Villager (Male) |
| 0:02 | Build | House |
| 0:03 | Build | House |
| 0:30 | Queue | Villager (Male) |
| 1:25 | Queue | Villager (Male) |
| 1:47 | Build | Lumber Camp |
| 1:52 | Queue | Villager (Male) |
| 2:23 | Queue | Villager (Male) |
| 2:52 | Queue | Villager (Male) |
| 3:07 | Queue | Villager (Male) |
| 3:35 | Build | House |
| 3:47 | Queue | Villager (Male) |
| 4:04 | Queue | Villager (Male) |
| 4:04 | Queue | Villager (Male) |
| 4:28 | Queue | Villager (Male) |
| 4:50 | Queue | Villager (Male) |
| 4:50 | Queue | Villager (Male) |
| 4:58 | Queue | Villager (Male) |
| 5:06 | Build | Mill |
| 5:29 | Queue | Villager (Male) |
| 5:52 | Queue | Villager (Male) |
| 6:04 | Research | Loom |
| 7:01 | Research | Feudal Age |
| 7:59 | Build | House |
| 8:30 | Build | Barracks |
| 9:11 | Age | Feudal Age |
| 9:14 | Queue | Villager (Male) |
| 9:26 | Build | Stable |
| 9:31 | Build | House |
| 9:39 | Build | Palisade Wall |
| 9:42 | Build | House |
| 9:45 | Build | Palisade Wall |
| 9:57 | Queue | Villager (Male) |
| 10:12 | Queue | Villager (Male) |
| 10:15 | Build | Farm |
| 10:20 | Queue | Militia |
| 10:21 | Queue | Militia |
| 10:21 | Queue | Scout Cavalry |
| 10:21 | Queue | Scout Cavalry |
| 10:21 | Queue | Scout Cavalry |
| 10:28 | Queue | Scout Cavalry |
| 10:28 | Queue | Scout Cavalry |
| 10:30 | Build | House |
| 11:01 | Build | Farm |
| 11:08 | Queue | Villager (Male) |
| 11:42 | Queue | Villager (Male) |
| 11:46 | Research | Double-Bit Axe |
| 11:49 | Queue | Villager (Male) |
| 11:58 | Build | Farm |
| 12:02 | Build | Farm |
| 12:02 | Queue | Villager (Male) |
| 12:07 | Queue | Villager (Male) |
| 12:14 | Queue | Villager (Male) |
| 12:20 | Build | Farm |
| 12:22 | Build | Farm |
| 12:36 | Build | Farm |
| 12:52 | Build | Farm |
| 12:55 | Queue | Villager (Male) |
Match timeline
| 4:34 | OaRMäR · first_building Barracks |
| 6:02 | OaRMäR · wall_segment Palisade Wall x4 |
| 6:09 | OaRMäR · wall_segment Palisade Wall x11 |
| 7:05 | OaRMäR · wall_segment Palisade Wall x11 |
| 7:24 | OaRMäR · wall_segment Palisade Wall x5 |
| 7:26 | OaRMäR · wall_segment Palisade Wall x5 |
| 7:46 | OaRMäR · wall_segment Palisade Wall x4 |
| 7:48 | OaRMäR · wall_segment Palisade Wall x1 |
| 8:30 | Zenitsu Agatsuma · first_building Barracks |
| 9:10 | OaRMäR · wall_segment Palisade Wall x14 |
| 9:11 | Zenitsu Agatsuma · age_up feudal |
| 9:26 | Zenitsu Agatsuma · first_building Stable |
| 9:39 | Zenitsu Agatsuma · wall_segment Palisade Wall x1 |
| 9:45 | Zenitsu Agatsuma · wall_segment Palisade Wall x1 |
| 13:26 | Zenitsu Agatsuma · resign |
[ AI ANALYSIS · 1 CREDIT ]
What really happened in this match?
Wolo.gg analyzes every decision: build order, eco, micro, common mistakes by bracket. Personalized analysis on WhatsApp or Discord in 30 seconds.
Civ guide
Malians
Perfil
Jugador #2106972